 Dungeon Crawl Stone Soup version 0.28.0-43-g3370ac3207 (webtiles) character file.

Game seed: 10902170146929233703

29 terff the Skirmisher (level 3, 0/29 HPs)
             Began as a Human Fighter on Mar 20, 2022.
             Slain by Terence
             ... wielding a +3 mace of protection
              (8 damage)
             ... on level 2 of the Dungeon.
             The game lasted 00:03:08 (1794 turns).

terff the Skirmisher (Human Fighter)                Turns: 1794, Time: 00:03:08

Health: 0/29       AC:  6    Str: 18    XL:     3   Next: 32%
Magic:  3/3        EV:  9    Int:  8    God:
Gold:   52         SH:  5    Dex: 12    Spells: 2/2 levels left

rFire   . . .      SeeInvis .   a - +0 long sword
rCold   . . .      Faith    .   c - +1 buckler
rNeg    . . .      Spirit   .   b - +0 scale mail
rPois   .          Reflect  .   (no helmet)
rElec   .          Harm     .   (no cloak)
rCorr   .          Rampage  .   (no gloves)
Will    .....                   (no boots)
Stlth   ..........              (no amulet)
HPRegen 0.09/turn               (no ring)
MPRegen 0.08/turn               (no ring)

@: no status effects
A: no striking features
a: no special abilities


You were on level 2 of the Dungeon.
You visited 1 branch of the dungeon, and saw 2 of its levels.

You collected 52 gold pieces.

Inventory:

Hand Weapons
 a - a +0 long sword (weapon)
Armour
 b - a +0 scale mail (worn)
 c - a +1 buckler (worn)
Scrolls
 h - a scroll of teleportation {unknown}
 i - a scroll of torment {unknown}
 j - a scroll of noise {unknown}
Potions
 d - a potion of might
 e - a potion of mutation
 f - a potion of attraction
 g - a potion of heal wounds {unknown}


   Skills:
 + Level 3.4 Fighting
 + Level 2.4 Long Blades
 + Level 3.3 Armour
 + Level 0.2 Dodging
 + Level 3.1 Shields


You had 2 spell levels left.
You didn't know any spells.
Your spell library was empty.

Dungeon Overview and Level Annotations

Branches:
Dungeon (2/15)

Altars:
Wu Jian

Annotations:
D:2 Terence


Message History

Terence hits you with a +3 mace of protection!
You hit Terence but do no damage.
Terence is heavily wounded.
Terence hits you with a +3 mace of protection!
You block Terence's attack.
You closely miss Terence.
Terence is heavily wounded.
You block Terence's attack.
You hit Terence but do no damage.
Terence is heavily wounded.
You block Terence's attack.
You hit Terence but do no damage.
Terence is heavily wounded.
Terence hits you with a +3 mace of protection.
You block Terence's attack.
You barely miss Terence.
Terence is heavily wounded.
Terence closely misses you.
You hit Terence but do no damage.
Terence is heavily wounded.
You block Terence's attack.
You barely miss Terence.
Terence is heavily wounded.
Terence hits you with a +3 mace of protection.
* * * LOW HITPOINT WARNING * * *
You block Terence's attack.
You closely miss Terence.
Terence is heavily wounded.
Terence barely misses you.
You hit Terence but do no damage.
Terence is heavily wounded.
You block Terence's attack.
You hit Terence but do no damage.
Terence is heavily wounded.
Terence barely misses you.
You barely miss Terence.
Terence is heavily wounded.
You block Terence's attack.
Terence hits you with a +3 mace of protection!
You die...

#..........
.. .
#......#### #
#.#. #
#......# #
#.#... .#
#......# #
#.#..##.
######## #
#...#. # #...
### #
####@####
##.######
#...@...#
#........
#.##.##.##
##.######
#.....#####.#
####........#
#.########
...# #####


You could see Terence.

Vanquished Creatures
  A dart slug (D:1)
  2 ball pythons
  3 bats (D:1)
  3 endoplasms
  A goblin (D:1)
  6 hobgoblins
  2 quokkas
  3 kobolds (D:1)
  A rat (D:2)
22 creatures vanquished.

Notes
Turn   | Place    | Note
-------+----------+-------------------------------------------
     0 | D:1      | terff the Human Fighter began the quest for the Orb.
     0 | D:1      | Reached XP level 1. HP: 18/18 MP: 1/1
   319 | D:1      | Reached XP level 2. HP: 15/24 MP: 2/2
  1006 | D:1      | Reached XP level 3. HP: 28/29 MP: 3/3
  1372 | D:2      | Found an ornate altar of the Wu Jian Council.
  1779 | D:2      | Noticed Terence
  1794 | D:2      | Slain by Terence

Illustrated notes

Levels and vault maps discovered:
D:1:      minmay_arrival_jagged, layout_loops_ring, nicolae_figureground_pulse
D:2:      layout_loops_cross, basic_altar, kennysheep_jessica_study,
          uniq_terence

Action                   || total
-------------------------++-------
Melee: Long sword        ||    75
  Use: Scroll            ||     4
Armor: Scale mail        ||    45
Dodge: Dodged            ||    38
Block: Buckler           ||    28
